 Dungeon Crawl Stone Soup version 0.20-a0-672-gd6c3c51 (webtiles) character file.

111174 FitzyFitz the Warrior (level 16, -8/183 HPs)
             Began as an Ogre Transmuter on Feb 16, 2017.
             Was a High Priest of Sif Muna.
             Mangled by a merfolk
             ... wielding a +0 trident
              (16 damage)
             ... on level 3 of the Shoals on Feb 17, 2017.
             The game lasted 02:37:58 (36045 turns).

FitzyFitz the Warrior (Ogre Transmuter)            Turns: 36045, Time: 02:37:58

Health: -8/183     AC: 26    Str: 18    XL:     16   Next: 57%
Magic:  30/31      EV: 12    Int: 22    God:    Sif Muna [*****.]
Gold:   138        SH:  2    Dex:  9    Spells: 1/37 levels left

rFire    . . .     SeeInvis .     - Unarmed
rCold    . . .     Gourm    .   Y - +4 troll leather armour
rNeg     . . .     Faith    .   (shield currently unavailable)
rPois    .         Spirit   .   Z - +2 hat {Int+3}
rElec    +         Reflect  +   F - +2 cloak
rCorr    .         Harm     .   (gloves unavailable)
MR       +....                  (boots unavailable)
Stlth    +.........             s - +2 amulet of reflection
Regen    0.8/turn               Q - +5 ring of protection
MPRegen  0.3/turn               u - +4 ring of protection

@: lethally poisoned (-8 -> -20), about to teleport, blade hands, invisible
A: unfitting armour, slimy green scales 1, electricity resistance, tough skin 1
a: End Transformation, Divine Energy, Channel Magic, Forget Spell, Renounce
Religion


You were on level 3 of the Shoals.
You worshipped Sif Muna.
Sif Muna was extremely pleased with you.
You were not hungry.
You had blades for hands.
You visited 6 branches of the dungeon, and saw 28 of its levels.
You also visited: Ossuary.

You collected 2528 gold pieces.
You spent 2390 gold pieces at shops.

Inventory:

Missiles
 a - 549 arrows
 K - 18 large rocks (quivered)
Armour
 F - a +2 cloak (worn)
 Y - a +4 troll leather armour (worn)
 Z - a +2 hat of intelligence (worn)
Jewellery
 c - an uncursed ring of see invisible
 j - an uncursed ring of protection from magic
 k - an uncursed ring of poison resistance
 r - an uncursed ring of protection from fire
 s - a +2 amulet of reflection (around neck)
 t - an uncursed ring of protection from magic
 u - a +4 ring of protection (left scythe-like blade)
 J - an uncursed amulet of harm {unknown}
 Q - a +5 ring of protection (right scythe-like blade)
Wands
 b - a wand of acid (6/15)
 h - a wand of digging (21/24)
 n - a wand of lightning (8/15)
 z - a wand of confusion (21/48)
Scrolls
 i - a scroll of teleportation
 p - 9 scrolls of remove curse
 H - a scroll of fog
 I - a scroll of brand weapon
Potions
 e - 3 potions of flight
 f - 6 potions of brilliance
 g - 3 potions of curing
 m - a potion of magic
 o - a potion of cancellation
 q - a potion of might
 w - 3 potions of haste
 B - 2 potions of agility
 C - a potion of ambrosia
 D - a potion of mutation
 S - a potion of berserk rage
Miscellaneous
 v - a lightning rod (4/4)
 M - a phial of floods
Comestibles
 d - 12 bread rations
 l - 5 chunks of flesh
 A - 10 meat rations
 G - 32 fruits
 L - a royal jelly


   Skills:
 - Level 17.0 Fighting
 + Level 6.5 Armour
 + Level 7.1 Dodging
 + Level 0.0 Stealth
 - Level 13.0 Unarmed Combat
 - Level 11.0 Spellcasting
 - Level 4.1 Conjurations
 - Level 3.0 Hexes
 - Level 4.9 Charms
 - Level 2.3 Summonings
 - Level 11.1 Transmutations
 - Level 3.1 Ice Magic
 - Level 2.0 Air Magic
 - Level 4.2 Earth Magic
 - Level 2.8 Poison Magic
 - Level 3.2 Invocations


You had one spell level left.
You knew the following spells:

 Your Spells              Type           Power        Failure   Level  Hunger
a - Petrify               Tmut/Erth      #####...     28%         4    #......
b - Sticks to Snakes      Tmut           ######..     8%          2    None
c - Irradiate             Conj/Tmut      #####.....   45%         5    ####...
d - Ice Form              Ice/Tmut       #####...     32%         4    #......
e - Yara's Violent Unrav  Hex/Tmut       #####.....   50%         5    ####...
f - Blade Hands           Tmut           ######....   21%         5    ####...
g - Ozocubu's Armour      Chrm/Ice       ####....     32%         3    None
h - Swiftness             Chrm/Air       ####....     24%         2    None
i - Alistair's Intoxicat  Tmut/Pois      #####...     50%         5    ####...
v - Summon Butterflies    Summ           ###.....     24%         1    None


Dungeon Overview and Level Annotations

Branches:
Dungeon (14/15)            Temple (1/1) D:5            Lair (6/6) D:9
 Shoals (4/4) Lair:4       Spider (1/4) Lair:2        Slime (0/5) Lair:6
    Orc (2/2) D:9             Elf (0/3) Orc:2        Vaults (0/5) D:14

Altars:
Ashenzari
Cheibriados
Dithmenos
Elyvilon
Fedhas
Gozag
Hepliaklqana
Kikubaaqudgha
Makhleb
Nemelex Xobeh
Okawaru
Qazlal
Ru
Sif Muna
Trog
Uskayaw
Vehumet
Xom
Yredelemnul
Zin
The Shining One
Beogh
Jiyva

Shops:
D:5 !   D:13 :   Orc:2 *(?!   Shoals:1 *

Annotations:
D:3 GlassEater's ghost, amateur KoGl
D:4 Talauna's ghost, amateur TrMo
D:11 exclusion: oklob plant
D:13 Frances
Lair:6 1 runed door
Shoals:4 CanOfBees's ghost, adept CeHu


Innate Abilities, Weirdness & Mutations

You are too large for most types of armour.
You have tough skin. (AC +1)
You are partially covered in slimy green scales. (AC +2)
You are resistant to electric shocks. (rElec)


Message History

You feel strangely unstable.
The merfolk impaler hits you with a trident of venom!
* * * LOW HITPOINT WARNING * * *
The merfolk barely misses you.
The merfolk impaler hits you but does no damage.
You feel much better.
The merfolk shouts!
The merfolk impaler hits you with a trident of venom!
* * * LOW HITPOINT WARNING * * *
You are poisoned.
The merfolk closely misses you.
The merfolk hits you from afar with a spear!
* * * LOW HITPOINT WARNING * * *
You fade into invisibility!
You feel sick.
The merfolk impaler hits you with a trident of venom!
* * * LOW HITPOINT WARNING * * *
You are lethally poisoned!
The merfolk hits you from afar with a trident!
You die...

≈≈≈≈≈≈≈....###).≈≈≈≈≈≈≈≈
≈≈≈≈≈≈≈...## #...≈≈≈≈≈≈≈
≈≈≈≈≈≈≈...## #....≈≈..
≈≈≈≈≈≈≈≈...###.≈≈.≈..≈
≈≈≈≈≈≈≈≈.......≈≈.≈≈≈≈
≈≈≈≈≈≈≈m?.>.......≈≈≈≈
≈≈≈≈≈≈mmm.......###≈≈≈
≈≈≈≈≈≈..#.......## ≈≈≈
≈≈≈≈≈≈m@##.......#. .≈
≈≈≈≈≈≈≈..............
≈≈≈≈≈≈≈≈......≈≈≈≈≈≈≈
≈≈≈≈≈≈≈≈≈≈≈≈≈≈≈≈≈≈≈≈≈
≈≈≈≈≈≈≈≈≈≈≈≈≈≈≈≈≈≈≈≈≈
≈≈≈≈≈≈≈≈≈≈≈≈≈≈≈≈≈≈≈≈≈
≈≈≈≈≈≈≈≈≈≈≈≈≈≈≈≈≈≈≈≈≈
≈≈≈≈≈≈≈≈≈≈≈≈≈≈≈≈≈≈≈≈
≈≈≈≈≈≈≈≈≈≈≈≈≈≈≈


You could see a merfolk impaler and 4 merfolk.

Vanquished Creatures
  Rupert (D:12)
  Donald (Lair:4)
  The ghost of Vectores the Carver, a journeyman NaFi of the Shining One (Shoals:1)
  A ghost moth (Spider:1)
  The ghost of agentgt the Fencer, a journeyman BaCK of Makhleb (Shoals:2)
  2 merfolk javelineers
  Erolcha (D:11)
  A fire dragon (Lair:6)
  The ghost of someotherguy6 the Zephyrmancer, a journeyman TeAE of Vehumet (Lair:2)
  6 hydras
  A merfolk aquamancer (Shoals:4)
  4 centaur warriors
  3 merfolk avatars (Shoals:1)
  5 two-headed ogres
  Urug (Lair:4)
  8 death yaks
  3 orc high priests (Orc:2)
  2 fire crabs
  A wizard (D:14)
  6 sea snakes
  5 harpies (Shoals:1)
  2 deep elf magi
  12 orc sorcerers
  6 orc knights (Orc:2)
  3 cyclopes
  5 wolf spiders
  An orb spider (Spider:1)
  2 manticores
  3 fauns
  10 elephants
  Psyche (D:12)
  5 black mambas
  5 merfolk sirens
  Joseph (D:7)
  3 water nymphs
  3 molten gargoyles (Lair:6)
  12 spiny frogs
  A centaur skeleton (D:14)
  3 rime drakes
  14 komodo dragons
  4 demonic crawlers (Spider:1)
  8 jumping spiders
  8 merfolk
  A polar bear (Lair:5)
  4 trolls
  3 wind drakes
  2 hornets
  4 dream sheep (Lair:6)
  6 hippogriffs
  8 snapping turtles
  A shadow (D:12)
  10 redbacks
  A water elemental (Shoals:4)
  6 tarantellas (Spider:1)
  Eustachio (D:5)
  7 wyverns
  4 vampire mosquitoes (D:14)
  3 fire bats (Shoals:1)
  44 yaks
  6 basilisks
  A steam dragon (Lair:6)
  A hungry ghost (D:11)
  4 wargs
  6 hell hounds
  30 orc warriors
  7 porcupines
  18 water moccasins
  An eye of draining (D:12)
  5 ice beasts
  6 sky beasts
  10 ogres
  4 black bears
  A necrophage (D:12)
  4 phantoms
  4 boggarts (Lair:5)
  16 wolves
  25 centaurs
  13 crocodiles
  3 big kobolds
  23 bullfrogs
  A gnoll sergeant (D:5)
  2 wyvern zombies
  2 wyvern skeletons
  3 scorpions
  14 killer bees
  2 howler monkeys
  3 electric eels
  6 crimson imps
  2 bullfrog zombies
  5 lava snakes (Lair:6)
  3 centaur zombies
  19 orc priests
  9 hounds
  2 bullfrog skeletons
  6 jellies
  Crazy Yiuf (D:3)
  Jessica (D:2)
  Natasha (D:2)
  Terence (D:3)
  4 iguanas
  23 orc wizards
  10 worker ants
  2 hound zombies
  Robin (D:2)
  A howler monkey zombie (D:10)
  4 mummies (Ossuary)
  A worker ant zombie (D:11)
  13 gnolls
  13 adders
  A shadow imp (D:7)
  A worker ant simulacrum (D:10)
  7 oozes
  An adder zombie (D:9)
  3 adder skeletons
  4 worms
  A dart slug (D:4)
  3 leopard geckos
  80 orcs
  4 bats
  6 giant cockroaches
  16 goblins
  7 hobgoblins
  12 jackals
  20 kobolds
  4 quokkas
  A ball python (D:4)
  5 frilled lizards
  A gnoll zombie (Ossuary)
  3 hobgoblin zombies (Ossuary)
  A jackal skeleton (D:4)
  A kobold zombie (Ossuary)
  3 orc zombies (Ossuary)
  2 quokka zombies (D:6)
  7 rats
  A butterfly (Lair:3)
810 creatures vanquished.

Vanquished Creatures (collateral kills)
  Snorg (D:10)
  A hydra (Lair:3)
  A merfolk avatar (Shoals:2)
  A wolf spider (Spider:1)
  2 orb spiders (Spider:1)
  A manticore (Shoals:2)
  A torpor snail (Lair:6)
  A merfolk (Shoals:2)
  A hippogriff (Lair:6)
  2 redbacks (Spider:1)
  A wyvern (Lair:6)
  A tarantella (Spider:1)
  An orc warrior (D:12)
  An ogre (Orc:2)
  A wolf (Lair:3)
  A scorpion (D:12)
  An orc wizard (Orc:1)
  4 mummies (Ossuary)
  An adder (D:2)
  2 leopard geckos
  4 orcs
  A hobgoblin (D:2)
31 creatures vanquished.

Vanquished Creatures (others)
  A wyvern skeleton (D:10)
  22 fungi
  36 plants
59 creatures vanquished.

Grand Total: 900 creatures vanquished

Notes
Turn   | Place    | Note
-------+----------+-------------------------------------------
     0 | D:1      | FitzyFitz the Ogre Transmuter began the quest for the Orb.
     0 | D:1      | Reached XP level 1. HP: 19/19 MP: 3/3
   254 | D:1      | Reached XP level 2. HP: 24/28 MP: 3/5
   554 | D:1      | Reached skill level 2 in Fighting
   674 | D:1      | Learned a level 2 spell: Sticks to Snakes
   820 | D:2      | Reached XP level 3. HP: 23/35 MP: 4/6
  1092 | D:2      | Noticed Jessica
  1109 | D:2      | Killed Jessica
  1182 | D:2      | Reached XP level 4. HP: 43/44 MP: 3/7
  1235 | D:2      | Reached skill level 3 in Fighting
  1274 | D:2      | Learned a level 3 spell: Spider Form
  1389 | D:2      | Noticed Natasha
  1403 | D:2      | Killed Natasha
  1572 | D:2      | Noticed Robin
  1611 | D:2      | Killed Robin
  1611 | D:2      | Reached XP level 5. HP: 42/53 MP: 5/8
  1921 | D:3      | Found a runed door.
  1926 | D:3      | Noticed Crazy Yiuf
  1932 | D:3      | Killed Crazy Yiuf
  2087 | D:3      | Noticed GlassEater's ghost (amateur KoGl)
  2167 | D:4      | Reached skill level 4 in Fighting
  2168 | D:4      | Noticed Talauna's ghost (amateur TrMo)
  2360 | D:3      | Found an iron altar of Okawaru.
  2448 | D:3      | Reached XP level 6. HP: 59/62 MP: 9/9
  2704 | D:4      | Reached skill level 5 in Fighting
  2846 | D:4      | Reached skill level 5 in Unarmed Combat
  2846 | D:4      | Reached XP level 7. HP: 72/72 MP: 10/10
  2919 | D:3      | Noticed Terence
  2925 | D:3      | Killed Terence
  2946 | D:3      | Learned a level 4 spell: Ice Form
  3284 | D:4      | Reached skill level 6 in Fighting
  3284 | D:4      | Reached skill level 1 in Ice Magic
  3563 | D:5      | Entered Level 5 of the Dungeon
  3622 | D:5      | Found a sand-covered staircase.
  3627 | Ossuary  | Entered an ossuary
  4236 | D:5      | Found Jaugoru's Distillery.
  4244 | D:5      | Bought a potion of curing for 39 gold pieces
  4258 | D:5      | Reached XP level 8. HP: 74/83 MP: 12/12
  4457 | D:5      | Found a blossoming altar of Fedhas.
  4514 | D:5      | Noticed Eustachio
  4529 | D:5      | Killed Eustachio
  4529 | D:5      | Reached skill level 5 in Transmutations
  4736 | D:5      | Found a staircase to the Ecumenical Temple.
  4801 | Temple   | Entered the Ecumenical Temple
  4902 | Temple   | Became a worshipper of Sif Muna the Loreminder
  5261 | D:5      | Gained mutation: Your system is resistant to poisons. (rPois) [mutagenic meat]
  5978 | D:6      | Reached * piety under Sif Muna
  6262 | D:6      | Reached XP level 9. HP: 68/89 MP: 16/16
  6496 | D:6      | Reached skill level 5 in Spellcasting
  7277 | D:7      | Found a stormy altar of Qazlal.
  7337 | D:7      | Learned a level 1 spell: Summon Butterflies
  7565 | D:7      | Reached skill level 7 in Fighting
  8021 | D:7      | Noticed Joseph
  8037 | D:7      | Killed Joseph
  8432 | D:7      | Reached skill level 8 in Fighting
  8723 | D:7      | Lost mutation: Your system is resistant to poisons. (rPois) [potion of mutation]
  8723 | D:7      | Gained mutation: You regenerate slowly when monsters are visible. [potion of mutation]
  8723 | D:7      | Gained mutation: You possess an exceptional clarity of mind. [potion of mutation]
  8723 | D:7      | Gained mutation: Armour fits poorly on your strangely shaped body. [potion of mutation]
  8723 | D:7      | Gained mutation: You are partially covered in slimy green scales. (AC +2) [potion of mutation]
  8724 | D:7      | Lost mutation: You possess an exceptional clarity of mind. [potion of mutation]
  8724 | D:7      | Lost mutation: You are partially covered in slimy green scales. (AC +2) [potion of mutation]
  8724 | D:7      | Gained mutation: Your spells are a little easier to cast, but a little less powerful. [potion of mutation]
  8724 | D:7      | Gained mutation: You are robust. (+10% HP) [potion of mutation]
  8724 | D:7      | Lost mutation: You are robust. (+10% HP) [potion of mutation]
  8724 | D:7      | Lost mutation: Your spells are a little easier to cast, but a little less powerful. [potion of mutation]
  8956 | D:7      | Found a glowing golden altar of the Shining One.
  9386 | D:7      | Reached XP level 10. HP: 106/106 MP: 13/17
  9390 | D:7      | Reached ** piety under Sif Muna
  9473 | D:5      | Bought a potion of mutation for 104 gold pieces
  9475 | D:5      | Lost mutation: Armour fits poorly on your strangely shaped body. [potion of mutation]
  9475 | D:5      | Lost mutation: You regenerate slowly when monsters are visible. [potion of mutation]
  9475 | D:5      | Gained mutation: You are resistant to electric shocks. (rElec) [potion of mutation]
  9475 | D:5      | Gained mutation: You are partially covered in slimy green scales. (AC +2) [potion of mutation]
  9530 | D:5      | Bought a potion of heal wounds for 65 gold pieces
  9530 | D:5      | Bought a potion of haste for 130 gold pieces
  9530 | D:5      | Bought a potion of might for 52 gold pieces
  9684 | D:8      | Reached skill level 9 in Fighting
  9797 | D:8      | Found a white marble altar of Elyvilon.
  9798 | D:8      | Found a sparkling altar of Nemelex Xobeh.
  9798 | D:8      | Found a snail-covered altar of Cheibriados.
  9798 | D:8      | Found a shimmering altar of Xom.
 10300 | D:8      | Found a burning altar of Makhleb.
 10688 | D:9      | Found a blossoming altar of Fedhas.
 11119 | D:9      | Learned a level 5 spell: Blade Hands
 11221 | D:9      | Reached skill level 10 in Fighting
 11223 | D:9      | Found a staircase to the Lair.
 11331 | Lair:1   | Entered Level 1 of the Lair of Beasts
 11550 | Lair:1   | Noticed a spiny frog
 11599 | Lair:1   | Killed a spiny frog
 11736 | Lair:2   | Noticed someotherguy6's ghost (journeyman TeAE)
 11748 | Lair:2   | Killed someotherguy6's ghost
 11748 | Lair:2   | Reached XP level 11. HP: 70/119 MP: 8/18
 11752 | Lair:2   | Reached *** piety under Sif Muna
 11752 | Lair:2   | Reached skill level 11 in Fighting
 12238 | Lair:2   | Noticed a six-headed hydra
 12248 | Lair:2   | Killed a six-headed hydra
 12248 | Lair:2   | Reached skill level 1 in Summonings
 13374 | Lair:1   | Found a hide-covered altar of Uskayaw.
 13535 | Lair:1   | Reached skill level 1 in Poison Magic
 13547 | Lair:1   | Reached skill level 1 in Invocations
 14525 | Lair:2   | Reached skill level 10 in Transmutations
 14848 | Lair:2   | Reached **** piety under Sif Muna
 14848 | Lair:2   | Reached skill level 12 in Fighting
 14848 | Lair:2   | Reached XP level 12. HP: 132/132 MP: 16/21
 14899 | Lair:2   | Found a hole to the Spider Nest.
 15427 | Lair:3   | Noticed a six-headed hydra
 15435 | Lair:3   | Killed a six-headed hydra
 15602 | Lair:3   | Noticed an eight-headed hydra
 15609 | Lair:3   | Killed an eight-headed hydra
 16037 | Lair:3   | Noticed a five-headed hydra
 16044 | Lair:3   | Killed a five-headed hydra
 16768 | Lair:3   | Upgraded the game from 0.20-a0-656-g9b0dcd9 to 0.20-a0-672-gd6c3c51
 16839 | Lair:4   | Learned a level 5 spell: Alistair's Intoxication
 16845 | Lair:4   | Learned a level 5 spell: Yara's Violent Unravelling
 16968 | Lair:4   | Noticed a seven-headed hydra
 16973 | Lair:4   | Reached skill level 10 in Unarmed Combat
 16978 | Lair:4   | Killed a seven-headed hydra
 16978 | Lair:4   | Reached skill level 1 in Hexes
 17239 | Lair:4   | Noticed Urug
 17411 | Lair:4   | Reached skill level 13 in Fighting
 17603 | D:9      | Reached ***** piety under Sif Muna
 17692 | D:9      | Found a staircase to the Orcish Mines.
 17724 | D:9      | Received a gift from Sif Muna
 18351 | Lair:2   | Reached XP level 13. HP: 133/144 MP: 25/25
 18425 | Lair:4   | Reached skill level 1 in Armour
 18807 | Lair:4   | Found a staircase to the Shoals.
 18986 | Lair:4   | Killed Urug
 20023 | Lair:6   | Entered Level 6 of the Lair of Beasts
 20256 | Lair:1   | Learned a level 4 spell: Petrify
 20659 | Lair:6   | Reached skill level 1 in Earth Magic
 21313 | Lair:6   | Reached skill level 14 in Fighting
 21809 | Lair:6   | Found a runed door.
 21813 | Lair:6   | Found a viscous altar of Jiyva.
 21814 | Lair:6   | Found a staircase to the Slime Pits.
 22029 | Lair:6   | Reached skill level 10 in Spellcasting
 22031 | Lair:6   | Reached XP level 14. HP: 116/157 MP: 16/28
 22408 | Lair:6   | Found a large runed door.
 22528 | Lair:6   | Identified Sif Muna's Volume of the Birds and Bewitchment (Sif Muna gifted it to you on level 6 of the Lair of Beasts)
 22528 | Lair:6   | Received a gift from Sif Muna
 22535 | Lair:6   | Learned a level 2 spell: Swiftness
 22545 | Lair:6   | Found a large runed door.
 22897 | Lair:6   | Reached skill level 1 in Charms
 22897 | Lair:6   | Reached skill level 1 in Air Magic
 22905 | Lair:6   | Got a bloodstained lajatang
 23290 | D:10     | Entered Level 10 of the Dungeon
 23516 | D:10     | Noticed Snorg
 23880 | D:10     | Killed Snorg
 24208 | D:11     | Learned a level 3 spell: Ozocubu's Armour
 24358 | D:11     | Found an iron altar of Okawaru.
 24422 | D:11     | Noticed Erolcha
 24422 | D:11     | Paralysed by Erolcha for 5 turns
 24434 | D:11     | Killed Erolcha
 24676 | D:11     | Found a glowing silver altar of Zin.
 25015 | D:12     | Reached skill level 15 in Fighting
 25262 | D:12     | Noticed Psyche
 25273 | D:12     | Killed Psyche
 25570 | D:12     | Noticed Rupert
 25583 | D:12     | Killed Rupert
 25939 | D:13     | Found Bygod's Book Boutique.
 26058 | D:13     | Noticed Frances
 26762 | Orc:1    | Entered Level 1 of the Orcish Mines
 26947 | Orc:1    | Reached XP level 15. HP: 74/169 MP: 29/29
 27135 | Orc:1    | Found a roughly hewn altar of Beogh.
 27295 | Orc:2    | Entered Level 2 of the Orcish Mines
 28395 | Orc:2    | Reached skill level 16 in Fighting
 28430 | Orc:2    | Found a staircase to the Elven Halls.
 28825 | Orc:2    | Identified Sif Muna's Handbook of Ashen Transformation (Sif Muna gifted it to you on level 2 of the Orcish Mines)
 28825 | Orc:2    | Received a gift from Sif Muna
 28891 | Orc:2    | Found Waribiqu's Distillery.
 28891 | Orc:2    | Found Iskeemam's Assorted Antiques.
 28892 | Orc:2    | Found Uscho's Magic Scroll Shop.
 28892 | Orc:2    | Found Epainat's Antique Weapon Shop.
 28937 | Orc:2    | Bought 2 scrolls of acquirement for 1456 gold pieces
 28951 | Orc:2    | Got a bloodstained scarf
 28962 | Orc:2    | Identified the scarf "Adgheuceb" {Str+4} (You acquired it on level 2 of the Orcish Mines)
 29067 | Orc:2    | Bought a scroll of teleportation for 42 gold pieces
 29069 | Orc:2    | Bought a potion of might for 48 gold pieces
 29069 | Orc:2    | Bought a potion of invisibility for 96 gold pieces
 29069 | Orc:2    | Bought a potion of heal wounds for 60 gold pieces
 29457 | Spider:1 | Entered Level 1 of the Spider Nest
 29718 | Shoals:1 | Entered Level 1 of the Shoals
 29718 | Shoals:1 | Noticed Donald
 29929 | Lair:4   | Killed Donald
 30058 | Lair:1   | Learned a level 5 spell: Irradiate
 30318 | Spider:1 | Reached skill level 1 in Conjurations
 30559 | Spider:1 | Noticed a ghost moth
 30565 | Spider:1 | Killed a ghost moth
 30754 | Spider:1 | Reached skill level 17 in Fighting
 32500 | D:14     | Found a gate to the Vaults.
 32943 | Lair:4   | HP: 10/208 [merfolk/trident of piercing (2)]
 32947 | Lair:4   | Reached XP level 16. HP: 12/183 MP: 27/31
 33204 | Shoals:1 | Reached skill level 5 in Dodging
 33360 | Shoals:1 | Noticed Vectores's ghost (journeyman NaFi)
 33563 | Shoals:1 | Killed Vectores's ghost
 33567 | Shoals:1 | Reached skill level 5 in Armour
 34126 | Orc:2    | Bought a scroll of enchant armour for 105 gold pieces
 34139 | Orc:2    | Bought a scroll of enchant armour for 165 gold pieces
 34151 | Orc:2    | Bought a scroll of identify for 28 gold pieces
 34406 | Shoals:1 | Found Fittun's Assorted Antiques.
 35146 | Shoals:2 | Noticed agentgt's ghost (journeyman BaCK)
 35182 | Shoals:2 | Killed agentgt's ghost
 35809 | Shoals:4 | Entered Level 4 of the Shoals
 35845 | Shoals:4 | Noticed CanOfBees's ghost (adept CeHu)
 36045 | Shoals:3 | HP: 8/183 [merfolk impaler/trident of venom (12)]
 36045 | Shoals:3 | Mangled by a merfolk

Vault maps used:
D:1:      roderic_octagonal_star, minmay_misc_feat_secret_circle
D:2:      nrook_uturn, st_stairs_7, uniq_robin, uniq_natasha, uniq_jessica
D:3:      lemuel_doored_altar, uniq_crazy_yiuf_cottage, uniq_terence
D:4:      minmay_opposing_rooms
D:5:      marbit_many_paths, minmay_temple_entry_glassed_door, enter_ossuary_5,
          first_bread, serial_shops, nicolae_shop_crystal, uniq_eustachio
D:6:      kennysheep_boxes
D:7:      old_standard_altar, grunt_qazlal_sundering, uniq_joseph
D:8:      grunt_temple_overflow_open, basic_altar
D:9:      david_lair_shrubbed, hiddenorc1_lemuel,
          hangedman_little_slice_of_home, fedhas_altar_2
D:10:     hangedman_weighted_door, uniq_snorg
D:11:     basic_altar, lemuel_oklob_altar, uniq_erolcha
D:12:     uniq_psyche, uniq_rupert
D:13:     serial_shops, nicolae_shop_statue_plus, uniq_frances
D:14:     david_vaults_1, minmay_misc_feat_more_columns
Temple:   dshaligram_water_room_temple
Lair:1:   serial_bayou_ford_a, lemuel_centaur_altar
Lair:2:   nicolae_spider_entry_tight_spaces, small_statue_intersection
Lair:3:   lemuel_fruit_fields
Lair:4:   minmay_shoals_entry_hut, uniq_urug
Lair:5:   kilobyte_rumbling_trees, grunt_megastairs_5
Lair:6:   cheibrodos_lair_end_hotspot, slime_altar_2, serial_bayou_shore_b
Shoals:1: serial_shops, shop_statue, hangedman_shoal_volcano, uniq_donald
Shoals:4: shoals_end_grunt_garden, shoal_ilsuiw, portal_ice_cave_entry_dragon,
          uniq_polyphemus
Orc:1:    basic_altar, mines2_lemuel
Orc:2:    st_orc_elflike, nicolae_orc_lava_room
Ossuary:  ossuary_tomb_3

Skill      XL: |  1  2  3  4  5  6  7  8  9 10 11 12 13 14 15 16 |
---------------+-------------------------------------------------+-----
Transmutations | 2 3 4 6 7 9 10 11 | 11.1
Unarmed Combat | 3 4 5 6 8 9 10 12 13 | 13.0
Fighting       | 2 3 4 5 6 8 10 12 13 14 15 17 | 17.0
Ice Magic      | 1 3 |  3.1
Spellcasting   | 3 4 5 6 8 10 11 | 11.0
Summonings     | 2 |  2.3
Poison Magic   | 2 |  2.8
Invocations    | 2 3 |  3.2
Hexes          | 1 2 3 |  3.0
Dodging        | 2 3 4 7 |  7.1
Armour         | 2 4 6 |  6.5
Earth Magic    | 3 4 |  4.2
Charms         | 4 |  4.9
Air Magic      | 2 |  2.0
Conjurations   | 2 4 |  4.1

Action                   |  1- 3 |  4- 6 |  7- 9 | 10-12 | 13-15 | 16-18 || total
-------------------------+-------+-------+-------+-------+-------+-------++-------
Melee: Unarmed           |   118 |   155 |   485 |   613 |  1306 |   256 ||  2933
       Headbutt          |     5 |       |     1 |     1 |       |       ||     7
       Kick              |     2 |     4 |     2 |       |       |       ||     8
       Punch             |     2 |     1 |     5 |     4 |    58 |    10 ||    80
 Cast: Beastly Appendage |    10 |     3 |     4 |     2 |       |       ||    19
       Sticks to Snakes  |     2 |     5 |     4 |    15 |    58 |    15 ||    99
       Spider Form       |       |     9 |    16 |       |     1 |       ||    26
       Ice Form          |       |       |    10 |    43 |    36 |    18 ||   107
       Summon Butterflie |       |       |     1 |     4 |     9 |     3 ||    17
       Blade Hands       |       |       |       |     2 |    76 |     9 ||    87
       Alistair's Intoxi |       |       |       |     3 |    11 |     5 ||    19
       Ozocubu's Armour  |       |       |       |       |    48 |    18 ||    66
       Yara's Violent Un |       |       |       |       |     8 |       ||     8
       Petrify           |       |       |       |       |     5 |     2 ||     7
       Swiftness         |       |       |       |       |     2 |       ||     2
       Irradiate         |       |       |       |       |     1 |     2 ||     3
 Abil: End Transformatio |       |       |       |     1 |    20 |     8 ||    29
Evoke: Wand              |       |     3 |     1 |       |       |       ||     4
  Use: Scroll            |       |     9 |     6 |    11 |    16 |     9 ||    51
       Potion            |       |       |     3 |     6 |    22 |     4 ||    35
 Stab: Sleeping          |       |     1 |       |     1 |       |       ||     2
       Distracted        |       |       |     1 |       |     3 |     3 ||     7
       Petrified         |       |       |       |       |     3 |       ||     3
  Eat: Chunk             |     1 |     7 |    23 |    27 |    45 |    10 ||   113
       Royal jelly       |       |       |     1 |     6 |     7 |     2 ||    16
       Meat ration       |       |       |       |       |     2 |       ||     2
       Fruit             |       |       |       |       |     1 |       ||     1
Armor: Robe              |    56 |    18 |    71 |    42 |       |       ||   187
       Skin              |       |     4 |    13 |   149 |   152 |    63 ||   381
       Troll leather arm |       |       |       |     8 |   572 |    80 ||   660
Dodge: Dodged            |    71 |    82 |   249 |   288 |   716 |   145 ||  1551
Block: Other             |       |       |       |       |    52 |    10 ||    62
       Reflection        |       |       |       |       |     2 |     2 ||     4
